 Dungeon Crawl Stone Soup version 0.18.1-8-gdd0e5ea (webtiles) character file.

4455 Firecrotchwizard the Skirmisher (level 10, 0/79 HPs)
             Began as a Demonspawn Berserker on June 9, 2016.
             Was an Elder of Trog.
             Slain by a sky beast (5 damage)
             ... on level 8 of the Dungeon on June 12, 2016.
             The game lasted 00:36:52 (7149 turns).

Firecrotchwizard the Skirmisher (DsBe)              Turns: 7149, Time: 00:36:54

Health: 0/79       AC: 10    Str: 21    XL:     10   Next: 15%
Magic:  10/10      EV:  6    Int:  9    God:    Trog [****..]
Gold:   253        SH: 15    Dex: 12    Spells: 0 memorised, 9 levels left

rFire  + + .     SeeInvis .     q - +1 war axe
rCold  . . .     Gourm    .     v - +0 chain mail
rNeg   . . .     Faith    .     u - +0 large shield
rPois  .         Spirit   .     (no helmet)
rElec  .         Dismiss  .     (no cloak)
rCorr  .         Reflect  .     (no gloves)
SustAt .         Harm     .     (no boots)
MR     .....                    m - amulet of magic regeneration
Stlth  ..........               (no ring)
                                G - ring of protection from fire

@: lethally poisoned (0 -> -1), not resistant to hostile enchantments, extremely
unstealthy
A: claws 1, fire resistance 1, ignite blood, spiny 1, flame cloud immunity
a: Berserk, Trog's Hand, Brothers in Arms, Burn Spellbooks, Renounce Religion


You were on level 8 of the Dungeon.
You worshipped Trog.
Trog was greatly pleased with you.
You were hungry.

You visited 2 branches of the dungeon, and saw 9 of its levels.

You collected 292 gold pieces.
You spent 39 gold pieces at shops.

Inventory:

Hand Weapons
 a - a +0 spear
 q - a +1 war axe (weapon)
 D - a +0 flail
 E - a +0 scimitar
 M - a +0 shortbow
Armour
 b - a +0 animal skin
 u - a +0 large shield (worn)
 v - a +0 chain mail (worn)
 B - a cursed +0 ring mail
 F - a +0 robe
 H - the cursed +0 robe "Coeczy" {rF+ rC- Int+6, unknown}
   (You found it on level 5 of the Dungeon)

   It affects your intelligence (+6).
   It protects you from fire.
   It makes you vulnerable to cold.
   It has a curse placed upon it.
 S - a +0 ring mail
Jewellery
 m - an amulet of magic regeneration (around neck)
 G - a ring of protection from fire (left claw)
 I - an uncursed ring of protection from fire
Wands
 j - a wand of paralysis (9/24)
 n - a wand of teleportation (3/9)
 J - a wand of slowing (33/48)
 N - a wand of teleportation (4/9)
 P - a wand of acid (8/15)
 Q - a wand of iceblast (9/15)
 T - a wand of confusion (15/48)
 V - a wand of flame (33/48)
Scrolls
 e - 2 scrolls of enchant weapon
 f - 7 scrolls of teleportation
 h - 3 scrolls of remove curse
 s - a scroll of enchant armour {unknown}
 t - 3 scrolls of identify
 w - 3 scrolls of random uselessness {unknown}
 x - a scroll of recharging {unknown}
 y - 3 scrolls of noise {unknown}
 O - a scroll of amnesia {unknown}
 U - a scroll of blinking {unknown}
Potions
 c - a potion of flight {unknown}
 d - a potion of resistance {unknown}
 g - 2 potions of agility
 i - 2 potions of heal wounds {unknown}
 k - 2 potions of brilliance {unknown}
 l - 2 potions of cure mutation {unknown}
 o - 3 potions of lignification
 p - 2 potions of berserk rage {unknown}
 C - a potion of degeneration {unknown}
 K - 2 potions of mutation {unknown}
 W - 2 potions of haste {unknown}
Books
 L - a book of Misfortune

   Spells                             Type                      Level
   a - Confusing Touch                Hexes                        2
   b - Confuse                        Hexes                        3
   c - Gell's Gravitas                Hexes/Translocation          3
   d - Petrify                        Transmutation/Earth          4
   e - Metabolic Englaciation         Hexes/Ice                    5
   f - Yara's Violent Unravelling     Hexes/Transmutation          5
   Trog disapproves of the use of such an item.
 R - a book of Alchemy

   Spells                             Type                      Level
   a - Sublimation of Blood           Necromancy                   2
   b - Ignite Poison                  Fire/Transmutation/Poison    3
   c - Petrify                        Transmutation/Earth          4
   d - Alistair's Intoxication        Transmutation/Poison         5
   e - Irradiate                      Conjuration/Transmutation    5
   Trog disapproves of the use of such an item.
Comestibles
 z - a bread ration
 A - a beef jerky


   Skills:
 + Level 7.1 Fighting
 + Level 5.2(5.7) Axes
 + Level 3.3(4.8) Polearms
 + Level 6.4 Armour
 + Level 5.6 Dodging
 + Level 1.2 Stealth
 + Level 6.7 Shields


You had 9 spell levels left.
You didn't know any spells.

Dungeon Overview and Level Annotations

Branches:
Dungeon (8/15)             Temple (1/1) D:6
   Lair: D:8-11

Altars:
Ashenzari
Cheibriados
Dithmenos
Elyvilon
Fedhas
Gozag
Kikubaaqudgha
Makhleb
Nemelex Xobeh
Okawaru
Pakellas
Qazlal
Ru
Sif Muna
Trog
Vehumet
Xom
Yredelemnul
Zin
The Shining One

Shops:
D:4 %*%=*   D:5 :


Innate Abilities, Weirdness & Mutations

You have sharp fingernails.
Your flesh is heat resistant.
Your demonic aura causes spilled blood to erupt in flames.
You are partially covered in sharp spines.
You are immune to clouds of flame.


Message History

The sky beast is moderately wounded.
The sky beast flickers out of sight!
Deactivating autopickup; reactivate with Ctrl-A.
You block something's attack.
You miss something.
You feel sick. Something hits you but does no damage. Something hits you.
* * * LOW HITPOINT WARNING * * *
Something shocks you.
* * * LOW HITPOINT WARNING * * *
You closely miss something.
A sky beast appears from thin air!
Reactivating autopickup.
You block the sky beast's attack.
You hit the sky beast but do no damage.
The sky beast is heavily wounded.
The sky beast flickers out of sight!
Deactivating autopickup; reactivate with Ctrl-A.
Something hits you.
* * * LOW HITPOINT WARNING * * *
Something shocks you.
You die...

### ######## #.. ... ..#
#.#
####.##.##########.###
.....................
...........#.......
##/####.#..####.#....##.
......[{)[......#..#.#..
.#.##.#@#...#.#....#.##.
# #.#...............
#+###.#......#....
#.....#..#####
#######..# ##.# #.. #...
#....


There were no monsters in sight!

Vanquished Creatures
  Erolcha (D:8)
  Pikel (D:8)
  Grinder (D:4)
  A hungry ghost (D:7)
  A steam dragon (D:7)
  Menkaure (D:4)
  2 hell hounds (D:8)
  The ghost of sugabear the Ducker, an amateur VSGl (D:4)
  3 sky beasts
  A black bear (D:7)
  3 slaves (D:8)
  4 ogres
  A centaur (D:6)
  A big kobold (D:8)
  Blork the orc (D:4)
  4 giant frogs
  A scorpion (D:7)
  5 killer bees (D:8)
  2 electric eels (D:6)
  3 crimson imps
  A giant frog zombie (D:7)
  A centaur zombie (D:8)
  5 hounds
  2 orc priests
  A jelly (D:6)
  Jessica (D:2)
  2 iguanas
  Ijyb (D:2)
  4 orc wizards
  3 worker ants
  A hound zombie (D:3)
  2 worker ant zombies
  7 adders
  A howler monkey skeleton (D:4)
  A shadow imp (D:7)
  An ooze (D:2)
  2 worms (D:2)
  An adder skeleton (D:6)
  4 dart slugs
  6 giant geckos
  23 orcs
  11 bats
  2 bat zombies (D:1)
  9 giant cockroaches
  14 goblins
  9 hobgoblins
  6 jackals
  9 kobolds
  A quokka (D:6)
  A giant gecko skeleton (D:5)
  4 giant newts
  A quokka skeleton (D:7)
  10 rats
185 creatures vanquished.

Vanquished Creatures (others)
  A slave (D:8)
  An orc (D:7)
2 creatures vanquished.

Grand Total: 187 creatures vanquished

Notes
Turn   | Place    | Note
--------------------------------------------------------------
     0 | D:1      | Firecrotchwizard the Demonspawn Berserker began the quest for the Orb.
     0 | D:1      | Reached XP level 1. HP: 18/18 MP: 1/1
    90 | D:1      | Gained mutation: Your flesh is heat resistant. [demonic ancestry]
    90 | D:1      | Reached XP level 2. HP: 11/24 MP: 2/2
   696 | D:1      | Gained mutation: You are immune to clouds of flame. [demonic ancestry]
   696 | D:1      | Reached XP level 3. HP: 17/29 MP: 3/3
   704 | D:1      | Reached ** piety under Trog
  1031 | D:2      | Noticed Jessica
  1033 | D:2      | Noticed Ijyb
  1066 | D:2      | Killed Ijyb
  1066 | D:2      | Reached XP level 4. HP: 37/37 MP: 4/4
  1156 | D:2      | Found a shattered altar of Ashenzari.
  1173 | D:2      | Found a glowing silver altar of Zin.
  1223 | D:2      | Reached skill level 4 in Fighting
  1226 | D:2      | Killed Jessica
  1431 | D:2      | Found a glowing golden altar of the Shining One.
  1464 | D:2      | Reached XP level 5. HP: 6/42 MP: 5/5
  1957 | D:2      | Found a bloodstained altar of Trog.
  1987 | D:2      | Reached *** piety under Trog
  2393 | D:3      | Reached skill level 1 in Stealth
  3034 | D:4      | Found Vuhi Ysi's Jewellery Boutique.
  3055 | D:4      | Found Fiaff's General Store.
  3070 | D:4      | Reached skill level 1 in Axes
  3070 | D:4      | Reached XP level 6. HP: 26/49 MP: 6/6
  3074 | D:4      | Bought a potion of curing for 39 gold pieces
  3334 | D:4      | Noticed Grinder
  3340 | D:4      | Killed Grinder
  3340 | D:4      | Reached skill level 1 in Shields
  3405 | D:4      | Found Jidixebi's Food Emporium.
  3476 | D:4      | Noticed sugabear's ghost (amateur VSGl)
  3503 | D:4      | Killed sugabear's ghost
  3503 | D:4      | Reached skill level 5 in Fighting
  3503 | D:4      | Reached XP level 7. HP: 21/56 MP: 7/7
  3531 | D:4      | Found a stormy altar of Qazlal.
  3551 | D:4      | Noticed Menkaure
  3552 | D:4      | Noticed Blork the orc
  3566 | D:4      | Killed Menkaure
  3579 | D:4      | Killed Blork the orc
  3611 | D:4      | Found Morhugec's Food Shop.
  3636 | D:4      | Found Wughugh's General Store.
  3719 | D:4      | Found an iron altar of Okawaru.
  3823 | D:5      | Entered Level 5 of the Dungeon
  4302 | D:5      | Gained mutation: You are partially covered in sharp spines. [demonic ancestry]
  4302 | D:5      | Reached XP level 8. HP: 31/62 MP: 8/8
  4491 | D:5      | Got a bloodstained robe
  4520 | D:5      | Found Vahay's Book Shoppe.
  4849 | D:6      | Found a sacrificial altar of Ru.
  5736 | D:6      | Reached skill level 6 in Fighting
  5790 | D:6      | Reached **** piety under Trog
  5991 | D:6      | Reached skill level 5 in Armour
  6097 | D:6      | Found a staircase to the Ecumenical Temple.
  6103 | Temple   | Entered the Ecumenical Temple
  6539 | D:7      | Reached skill level 5 in Shields
  6539 | D:7      | Gained mutation: Your demonic aura causes spilled blood to erupt in flames. [demonic ancestry]
  6539 | D:7      | Reached XP level 9. HP: 67/69 MP: 9/9
  6842 | D:7      | Reached skill level 5 in Dodging
  7090 | D:8      | Noticed Erolcha
  7109 | D:8      | Noticed Pikel
  7115 | D:8      | Killed Erolcha
  7115 | D:8      | Reached skill level 5 in Axes
  7125 | D:8      | HP: 3/71 [killer bee (2)]
  7131 | D:8      | Killed Pikel
  7131 | D:8      | Reached skill level 7 in Fighting
  7131 | D:8      | Gained mutation: You have sharp fingernails. [demonic ancestry]
  7131 | D:8      | Reached XP level 10. HP: 32/79 MP: 10/10
  7149 | D:8      | Slain by a sky beast

Skill      XL: |  1  2  3  4  5  6  7  8  9 |
---------------+----------------------------+-----
Dodging        | 2 3 4 5 |  5.6
Polearms       | 3 |  3.3
Fighting       | 4 5 6 7 |  7.1
Stealth        | 1 |  1.2
Axes           | 1 2 3 5 |  5.2
Armour         | 2 3 5 6 |  6.4
Shields        | 1 3 5 6 |  6.7

Action                   |  1- 3 |  4- 6 |  7- 9 | 10-12 || total
-------------------------+-------+-------+-------+-------++-------
Melee: Spear             |   134 |   108 |       |       ||   242
       War axe           |       |   103 |   344 |    14 ||   461
Invok: Berserk           |     1 |     2 |     2 |       ||     5
       Trog's Hand       |       |     1 |     6 |       ||     7
       Burn Spellbooks   |       |     1 |       |       ||     1
  Use: Scroll            |       |     3 |     2 |       ||     5
       Potion            |       |     1 |     4 |       ||     5
 Stab: Sleeping          |     1 |     1 |       |       ||     2
  Eat: Bread ration      |       |     2 |     3 |       ||     5
       Meat ration       |       |     1 |       |       ||     1
       Beef jerky        |       |       |     1 |       ||     1
Armor: Animal skin       |    37 |    11 |       |       ||    48
       Chain mail        |       |    23 |   161 |     2 ||   186
Dodge: Dodged            |   108 |   101 |    56 |     3 ||   268
Block: Large shield      |       |    66 |   307 |    13 ||   386
